 Dungeon Crawl Stone Soup version 0.31-a0-1447-g87ca8d402b (webtiles) character file.

Game seed: 5957729742309618708

6561 Dirian the Grappler (level 10, -1/11 HPs)
             Began as a Troll Shapeshifter on Dec 27, 2023.
             Was a Priest of Nemelex Xobeh.
             Slain by a yak (12 damage)
             ... on level 9 of the Dungeon.
             The game lasted 00:21:17 (7208 turns).

Dirian the Grappler (Troll Shapeshifter)            Turns: 7208, Time: 00:21:17

Health: -1/11      AC: 16    Str: 28    XL:     10   Next: 70%
Magic:  12/12      EV: 17    Int:  6    God:    Nemelex Xobeh [***...]
Gold:   524        SH:  5    Dex: 15    Spells: 9/9 levels left

rFire   . .          .
                       - Unarmed
rCold   . . .        (no shield)
rNeg    + . .        o - melded +0 steam dragon scales
rPois   ∞            (helmet restricted)
rElec   +            A - +0 cloak
rCorr   .            (gloves unavailable)
SInv    .            (boots unavailable)
Will    .....        i - amulet of reflection
Stlth   +            v - +5 ring of evasion
HPRegen 1.01/turn    u - +6 ring of dexterity
MPRegen 0.13/turn

%: reflection
@: statue-form, very slow
A: slow and powerful, torment resistance 1, reduced hp, large, unfitting armour,
claws 3, regeneration 1, (shaggy fur 1), (tough skin 1)
a: Begin Untransformation, Renounce Religion, Draw Escape, Draw Destruction,
Draw Summoning, Triple Draw


You were on level 9 of the Dungeon.
You worshipped Nemelex Xobeh.
Nemelex Xobeh was most pleased with you.
You were a living statue of rough stone.
You visited 2 branches of the dungeon, and saw 10 of its levels.
You also visited: Bailey.

You collected 980 gold pieces.
You spent 456 gold pieces at shops.

Inventory:

Missiles
 x - 7 throwing nets
 C - 6 boomerangs
Armour
 o - +0 steam dragon scales (melded)
 A - a +0 cloak (worn)
 H - a +0 pair of boots
Jewellery
 i - an amulet of reflection (around neck)
 j - an amulet of the acrobat
 n - a ring of flight
 u - a +6 ring of dexterity (right claw)
 v - a +5 ring of evasion (left claw)
 B - a ring of protection from cold
 G - a ring of resist corrosion
Talismans
 c - a beast talisman
 l - a flux talisman
 y - a maw talisman
 F - a granite talisman (active)
Wands
 p - a wand of roots (6)
 r - a wand of quicksilver (4)
 s - a wand of charming (14)
 D - a wand of flame (6)
Scrolls
 a - a scroll of brand weapon
 e - 3 scrolls of fear
 f - 2 scrolls of enchant weapon
 t - 4 scrolls of teleportation
Potions
 b - 3 potions of lignification
 d - 3 potions of might
 g - 3 potions of brilliance
 h - a potion of berserk rage
 k - a potion of ambrosia
 m - 2 potions of magic
 q - 2 potions of curing
 w - a potion of heal wounds
 z - a potion of degeneration {unknown}


   Skills:
 + Level 3.3 Fighting
 + Level 5.3 Dodging
 - Level 1.5 Shields
 + Level 12.0 Unarmed Combat
 * Level 5.1 Invocations
 + Level 6.6 Shapeshifting


You had 9 spell levels left.
You didn't know any spells.
Your spell library contained the following spells:

 Spells                   Type           Power      Damage    Failure   Level
 Freeze                   Ice            0%         1d3       45%         1
 Sting                    Conj/Alch      0%         1d3       45%         1
 Blink                    Tloc           0%         N/A       58%         2
 Lesser Beckoning         Tloc           0%         N/A       58%         2
 Mercury Vapours          Alch/Air       0%         N/A       58%         2
 Momentum Strike          Conj/Tloc      0%         3d8       58%         2
 Scorch                   Fire           0%         2d5       58%         2
 Static Discharge         Conj/Air       0%         3-3/arc   58%         2
 Dazzling Flash           Conj/Hex       0%         N/A       83%         3
 Frozen Ramparts          Ice            0%         1d1       83%         3
 Gell's Gravitas          Tloc           0%         N/A       83%         3
 Hailstorm                Conj/Ice       0%         3d5       83%         3
 Teleport Other           Tloc           0%         N/A       83%         3
 Volatile Blastmotes      Fire/Tloc      0%         2d10      83%         3
 Airstrike                Air            0%         2d(0-16)  99%         4
 Flame Wave               Conj/Fire      0%         2d4       99%         4
 Leda's Liquefaction      Alch/Erth      0%         N/A       99%         4
 Olgreb's Toxic Radiance  Alch           0%         N/A       99%         4
 Petrify                  Alch/Erth      0%         N/A       99%         4
 Summon Lightning Spire   Summ/Air       0%         N/A       99%         4
 Metabolic Englaciation   Hex/Ice        0%         N/A       100%        5
 Dispersal                Tloc           0%         N/A       100%        6
 Starburst                Conj/Fire      0%         6d3       100%        6
 Summon Cactus Giant      Summ           0%         N/A       100%        6
 Maxwell's Capacitive Co  Air            0%         ∞         100%        8


Dungeon Overview and Level Annotations

Branches:
Dungeon (9/15) Zot: 26975  Temple (1/1) D:4 Zot: 5836  Bailey (visited)
   Lair: D:8-11         Orc: D:9-12

Altars:
Ashenzari
Cheibriados
Dithmenos
Elyvilon
Fedhas
Gozag
Hepliaklqana
Kikubaaqudgha
Makhleb
Nemelex Xobeh
Okawaru
Qazlal
Ru
Sif Muna
Trog
Uskayaw
Vehumet
Wu Jian
Xom
Yredelemnul
Zin
The Shining One

Shops:
D:6 *


Innate Abilities, Weirdness & Mutations

You are a living statue of rough stone.
Your actions are slow, but your melee attacks are powerful.
You are resistant to unholy torment.
Your maximum health is decreased, since you lack skill for your form.
Your equipment is partially melded.
You are too large for most types of armour.
You are immune to poison.
You have claws for hands.
Your natural rate of healing is unusually fast.
((You are covered in fur. (AC +1)))
((You have tough skin. (AC +1)))


Message History

There is an open door here.
There is a stone staircase leading down here.
As you read the scroll of identify, it crumbles to dust.
h - a potion of berserk rage
As you read the scroll of identify, it crumbles to dust.
m - 2 potions of magic
As you read the scroll of identify, it crumbles to dust.
x - a potion of heal wounds;
w - a potion of heal wounds;
x - 7 throwing nets
As you read the scroll labelled HEAXKI GELEOCAT, it dissolves into smoke.
It was a scroll of fog.
Okay, then.
You climb downwards.
Found a wooden wand.
There is a stone staircase leading up here.
Found a stone staircase leading up.
r - a wand of quicksilver (4) As you open the door, it creaks loudly!
Found a rapier.
A yak comes into view.
There is an open door here.
A yak is nearby!
A yak is nearby!
The yak bellows!
You hear a bellow!
A yak comes into view.
The yak closely misses you.
A yak comes into view.
The yak barely misses you.
You barely miss the yak. The yak closely misses you.
You eviscerate the yak!!!
You kill the yak!
A yak comes into view.
Your Unarmed Combat skill increases to level 12!
A yak comes into view.
You see here a yak corpse.
You mangle the yak!!
The yak is heavily wounded.
The yak gores you!
Ouch! That really hurt!
You die...
Your body glows slightly and disappears.

....... .........
#........ #......#
#......# #......#
..#####+###......#
..YY..Y8........)#
...########'######.
#...............
#.<.............
#..........<.###
#............#
#............#
#............#
#...#####....#


You could see 3 yaks.

Vanquished Creatures
  A two-headed ogre (D:7)
  Joseph (D:7)
  6 yaks
  Grum (Bailey)
  3 steam dragons
  An orc warrior (D:8)
  3 sky beasts
  3 ogres
  4 black bears
  4 wolves (Bailey)
  4 centaurs
  A kobold brigand (D:6)
  7 bullfrogs
  4 scorpions
  4 gnoll sergeants (Bailey)
  4 wights (D:7)
  6 killer bees (D:8)
  4 howler monkeys
  3 bombardier beetles
  A jelly (D:6)
  6 hounds
  4 gnoll boudas (Bailey)
  2 orc priests
  3 iguanas
  Ijyb (D:5)
  5 orc wizards
  11 gnolls (Bailey)
  12 adders
  2 shadow imps
  A white imp (D:7)
  A worm (D:3)
  5 dart slugs
  23 orcs
  5 bats
  11 endoplasms
  A giant cockroach (D:4)
  9 goblins
  8 hobgoblins
  2 quokkas (D:1)
  4 ball pythons
  7 frilled lizards
  9 kobolds
  5 rats
202 creatures vanquished.

Notes
Turn   | Place    | Note
-------+----------+-------------------------------------------
     0 | D:1      | Dirian the Troll Shapeshifter began the quest for the Orb.
     0 | D:1      | Reached XP level 1. HP: 18/18 MP: 0/0
   236 | D:1      | Reached XP level 2. HP: 26/26 MP: 1/1
   801 | D:2      | Reached XP level 3. HP: 30/32 MP: 2/2
   966 | D:2      | Found a basalt altar of Yredelemnul.
  1050 | D:2      | Reached skill level 4 in Unarmed Combat
  1122 | D:2      | Reached XP level 4. HP: 40/40 MP: 3/3
  1732 | D:3      | Reached skill level 1 in Fighting
  1805 | D:3      | Reached XP level 5. HP: 43/48 MP: 4/4
  1936 | D:3      | Reached skill level 5 in Unarmed Combat
  2349 | D:4      | Reached XP level 6. HP: 41/55 MP: 5/5
  2705 | D:4      | Found a staircase to the Ecumenical Temple.
  2949 | D:4      | Identified a scroll of acquirement
  3006 | Temple   | Entered the Ecumenical Temple
  3120 | Temple   | Became a worshipper of Nemelex Xobeh the Trickster
  3184 | D:5      | Entered Level 5 of the Dungeon
  3194 | D:5      | Reached skill level 6 in Unarmed Combat
  3381 | D:5      | Noticed Ijyb
  3414 | D:5      | Killed Ijyb
  3442 | D:5      | Reached XP level 7. HP: 34/62 MP: 6/6
  3524 | D:5      | Reached * piety under Nemelex Xobeh
  3534 | D:5      | Found a snail-covered altar of Cheibriados.
  3541 | D:5      | Found an ornate altar of the Wu Jian Council.
  3562 | D:5      | Reached skill level 1 in Shields
  3662 | D:5      | Received a gift from Nemelex Xobeh
  3878 | D:6      | Reached skill level 7 in Unarmed Combat
  3982 | D:6      | Noticed a steam dragon
  3984 | D:6      | Killed a steam dragon
  4045 | D:6      | Noticed a steam dragon
  4057 | D:6      | Killed a steam dragon
  4058 | D:6      | Reached XP level 8. HP: 68/72 MP: 7/7
  4065 | D:6      | Reached skill level 8 in Unarmed Combat
  4077 | D:6      | Found Unaasut's Assorted Antiques.
  4107 | D:6      | Acquired 486 gold pieces
  4109 | D:6      | Bought a worn gold wand for 112 gold pieces
  4109 | D:6      | Bought a scroll of revelation for 210 gold pieces
  4109 | D:6      | Bought a wand of roots (2) for 134 gold pieces
  4366 | D:6      | Reached skill level 1 in Invocations
  4456 | D:6      | Reached skill level 5 in Shapeshifting
  4507 | D:6      | Reached skill level 9 in Unarmed Combat
  4583 | D:6      | Reached ** piety under Nemelex Xobeh
  4845 | D:7      | Reached XP level 9. HP: 80/80 MP: 9/9
  5017 | D:7      | Noticed Joseph
  5029 | D:7      | Killed Joseph
  5030 | D:7      | Reached skill level 10 in Unarmed Combat
  5654 | D:7      | Noticed a two-headed ogre
  5660 | D:7      | Killed a two-headed ogre
  5824 | D:8      | Reached XP level 10. HP: 89/89 MP: 12/12
  5828 | D:8      | Reached skill level 11 in Unarmed Combat
  5885 | D:8      | Found a flagged portal.
  5940 | Bailey   | Entered a bailey
  6411 | Bailey   | Noticed Grum
  6442 | Bailey   | Killed Grum
  6443 | Bailey   | Reached skill level 5 in Dodging
  6685 | D:8      | Reached skill level 5 in Invocations
  6767 | D:8      | Reached *** piety under Nemelex Xobeh
  6973 | D:8      | Received a gift from Nemelex Xobeh
  7207 | D:9      | Reached skill level 12 in Unarmed Combat
  7208 | D:9      | Slain by a yak

Illustrated notes

Levels and vault maps discovered:
D:1:      lemuel_arrival_rhombus, layout_loops_ring, chequers_decorated_corner,
          nicolae_titane
D:2:      layout_basic, basic_altar
D:3:      minmay_evil_eye, layout_basic
D:4:      layout_loops_ring, minmay_temple_entry_offerings, nicolae_hexahallways
D:5:      layout_gridville, grunt_temple_overflow_open, uniq_ijyb
D:6:      layout_loops_corners, serial_shops, nicolae_diamond_shop,
          minmay_misc_feat_room
D:7:      layout_basic, dreamdust_princess_bridge,
          chequers_serial_rivers_micro_a, lightli_orcish_oven, uniq_joseph
D:8:      minmay_inner_zag, layout_basic, enter_bailey_5
D:9:      layout_irregular_city, gammafunk_ghost_hive
Temple:   mainiacjoe_temple_cubbyholes

Skill      XL: |  1  2  3  4  5  6  7  8  9 10 |
---------------+-------------------------------+-----
Unarmed Combat | 4 5 6 7 9 10 12 | 12.0
Fighting       | 1 2 3 |  3.3
Dodging        | 2 3 4 5 |  5.3
Shapeshifting  | 4 5 6 |  6.6
Shields        | 1 |  1.5
Invocations    | 2 4 5 |  5.1

Action                     |  1- 3 |  4- 6 |  7- 9 | 10-12 || total
---------------------------+-------+-------+-------+-------++-------
  Melee: Unarmed           |    76 |   144 |   172 |   137 ||   529
         Punch             |     2 |     2 |     6 |     6 ||    16
         Maw               |       |       |    15 |       ||    15
 Invoke: Draw Destruction  |       |       |     2 |     3 ||     5
    Use: Scroll            |       |     9 |     5 |     5 ||    19
 Armour: Animal skin       |    41 |    89 |     8 |       ||   138
         Steam dragon scal |       |       |    38 |    97 ||   135
         Skin              |       |       |    29 |     1 ||    30
  Dodge: Dodged            |    28 |    62 |    78 |   166 ||   334
  Block: Other             |       |    19 |    20 |    47 ||    86
         Reflection        |       |       |       |     3 ||     3
   Form: Beast             |     1 |       |     1 |       ||     2
         Maw               |       |       |     1 |       ||     1
         Statue            |       |       |       |     1 ||     1

Table legend: (Time is in decaauts)
 A = Elapsed time spent in this place.
 B = Non-inter-level travel time spent in this place.
 C = Inter-level travel time spent in this place.
 D = Time resting spent in this place.
 E = Time spent auto-exploring this place.
 F = Levels seen in this place.
 G = Mean time per level.
                   A        B        C        D        E       F      G
               +--------+--------+--------+--------+--------+-----+--------+
         Total |   7150 |   6573 |    577 |     84 |   4925 |  11 |  650.0 |
       Dungeon |   6415 |   5999 |    416 |      0 |   4826 |   9 |  712.8 |
        Temple |    163 |      2 |    161 |      0 |      0 |   1 |  163.0 |
        Bailey |    570 |    570 |      0 |     84 |     99 |   1 |  570.0 |
               +--------+--------+--------+--------+--------+-----+--------+

Top non-repeatable levels by time:
     D:6: 1009 daAuts
     D:7: 946 daAuts
     D:3: 907 daAuts
     D:8: 824 daAuts
     D:1: 764 daAuts
     D:4: 729 daAuts
     D:5: 605 daAuts
     D:2: 605 daAuts
  Bailey: 570 daAuts
  Temple: 163 daAuts
     D:9: 23 daAuts
